 Dungeon Crawl Stone Soup version 0.30-b1-2-g02819fbbbe (webtiles) character file.

Game seed: 9949111214210431422

29918 MajorAdolf the Unseen (level 13, -7/99 HPs)
             Began as a Naga Wanderer on Sept 17, 2023.
             Was a Priest of Sif Muna.
             Engulfed by a fire crab's flame (26 damage)
             ... on level 3 of the Lair of Beasts.
             The game lasted 00:40:08 (26124 turns).

MajorAdolf the Unseen (Naga Wanderer)              Turns: 26124, Time: 00:40:09

Health: -7/99      AC: 17    Str: 13    XL:     13   Next: 48%
Magic:  12/22      EV: 10    Int: 18    God:    Sif Muna [***...]
Gold:   863        SH: 10    Dex: 12    Spells: 6/14 levels left

rFire   . . .        n - staff of conjuration
rCold   . . .        P - +0 kite shield
rNeg    . . .        I - +2 robe {Archmagi}
rPois   +            U - +1 hat
rElec   .            E - +0 cloak
rCorr   .            X - +2 pair of gloves
SInv    +            g - +1 barding
Will    ++...        (no amulet)
Stlth   +++++++      d - ring of willpower
HPRegen 0.36/turn    t - +5 ring of evasion
MPRegen 0.18/turn

%: archmagi
@: channelling, very slow
A: AC +4, large, see invisible, deformed body, poison resistance, slowness 2,
spit poison 1, naga tail 2
a: Spit Poison, Renounce Religion, Channel Magic, Forget Spell


You were on level 3 of the Lair of Beasts.
You worshipped Sif Muna.
Sif Muna was most pleased with you.
You visited 3 branches of the dungeon, and saw 17 of its levels.

You collected 1787 gold pieces.
You spent 924 gold pieces at shops.

Inventory:

Missiles
 C - 5 throwing nets
Armour
 g - a +1 barding (worn)
 r - the +2 robe of Daffodils {rCorr Int+2}
   (You found it on level 3 of the Dungeon)

   Int:       It affects your intelligence (+2).
   rCorr:     It protects you from acid and corrosion.
 E - a +0 cloak (worn)
 I - a +2 robe of the Archmagi (worn)
 P - a +0 kite shield (worn)
 U - a +1 hat (worn)
 X - a +2 pair of gloves (worn)
Magical Staves
 n - a staff of conjuration (weapon)
Jewellery
 d - a ring of willpower (left hand)
 e - a ring of flight
 k - an amulet of magic regeneration
 p - a ring of fire
 t - a +5 ring of evasion (right hand)
 G - a +6 ring of strength
 Q - a ring of fire
Wands
 A - a wand of flame (29)
 B - a wand of polymorph (9)
 J - a wand of iceblast (18)
 Z - a wand of light (7)
Scrolls
 a - a scroll of poison
 b - 5 scrolls of fear
 c - 2 scrolls of vulnerability
 j - 5 scrolls of teleportation
 q - 6 scrolls of immolation
 y - 3 scrolls of enchant weapon
 z - a scroll of enchant armour
 W - 2 scrolls of magic mapping
Potions
 f - 3 potions of attraction {unknown}
 h - 4 potions of heal wounds {unknown}
 i - 4 potions of degeneration {unknown}
 m - 8 potions of curing {unknown}
 o - 4 potions of lignification {unknown}
 v - 4 potions of invisibility {unknown}
 x - a potion of resistance {unknown}
 H - a potion of haste {unknown}
 K - 2 potions of might {unknown}
 L - 3 potions of mutation {unknown}
 M - 2 potions of cancellation {unknown}
 N - 2 potions of flight {unknown}
 O - 3 potions of brilliance {unknown}
 R - a potion of berserk rage {unknown}
Miscellaneous
 V - a phantom mirror


   Skills:
 - Level 2.0 Fighting
 - Level 1.5 Armour
 + Level 20.0 Stealth
 + Level 8.4 Shields
 - Level 1.0 Spellcasting
 - Level 7.0 Conjurations
 - Level 2.0 Air Magic
 + Level 9.2 Earth Magic
 + Level 12.3 Invocations


You had 6 spell levels left.
You knew the following spells:

 Your Spells              Type           Power      Damage    Failure   Level
a - Stone Arrow           Conj/Erth      100%       3d13      6%          3
b - Lee's Rapid Deconstr  Erth           25%        3d14*     32%         5

Your spell library contained the following spells:

 Spells                   Type           Power      Damage    Failure   Level
 Sandblast                Erth           100%       2d20      1%          1
 Shock                    Conj/Air       100%       1d9       9%          1
 Passwall                 Tmut/Erth      21%        N/A       12%         2
 Foxfire                  Conj/Fire      100%       2x1d9     13%         1
 Hailstorm                Conj/Ice       30%        3d8       36%         3
 Beastly Appendage        Tmut           2%         N/A       47%         1
 Sting                    Tmut/Pois      4%         1d3       47%         1
 Cigotuvi's Dreadful Rot  Necr/Pois/Air  8%         N/A       54%         2
 Blink                    Tloc           2%         N/A       63%         2
 Petrify                  Tmut/Erth      26%        N/A       63%         4
 Vhi's Electric Charge    Tloc/Air       12%        N/A       71%         3
 Fulminant Prism          Conj/Hex       15%        3d10      77%         4
 Iskenderun's Mystic Bla  Conj/Tloc      30%        2d8       77%         4
 Ignite Poison            Fire/Tmut/Pois 1%         N/A       85%         3
 Volatile Blastmotes      Fire/Tloc      2%         2d10      85%         3
 Animate Dead             Necr           1%         N/A       99%         4
 Ice Form                 Ice/Tmut       1%         N/A       99%         4
 Manifold Assault         Tloc           1%         N/A       99%         4
 Freezing Cloud           Conj/Ice/Air   13%        6-21      99%         5
 Simulacrum               Ice/Necr       0%         N/A       100%        6
 Haunt                    Necr/Summ      0%         N/A       100%        7
 Storm Form               Tmut/Air       3%         N/A       100%        7
 Infestation              Necr           0%         N/A       100%        8
 Lehudib's Crystal Spear  Conj/Erth      30%        10d8      100%        8


Dungeon Overview and Level Annotations

Branches:
Dungeon (13/15)            Temple (1/1) D:5            Lair (3/5) D:10
  Swamp (0/4) Lair:3        Snake (0/4) Lair:3          Orc (0/2) D:12
 Vaults: D:13-14

Altars:
Ashenzari
Cheibriados
Dithmenos
Elyvilon
Fedhas
Gozag
Hepliaklqana
Kikubaaqudgha
Makhleb
Nemelex Xobeh
Okawaru
Qazlal
Ru
Sif Muna
Trog
Uskayaw
Vehumet
Wu Jian
Xom
Yredelemnul
Zin
The Shining One

Shops:
D:1 =(:


Innate Abilities, Weirdness & Mutations

Your serpentine skin is tough. (AC +4)
You have supernaturally acute eyesight. (SInv)
Armour fits poorly on your strangely shaped body.
Your system is resistant to poisons. (rPois)
You cover ground very slowly.
You can spit poison.
You can use your snake-like lower body to constrict enemies.


Message History

A fire crab is nearby!
A fire crab is nearby!
Casting: Stone Arrow (mildly dangerous; 6% risk of failure)
Confirm with . or Enter, or press ? or * to list all spells.
You don't know that spell.
You block the fire crab's attack. The fire crab closely misses you.
Unknown command.
You feel a strong surge of power!
The stone arrow hits the fire crab but does no damage.
The fire crab bites you!
You are engulfed in flames!
The fire crab closely misses you.
You are too injured to fight recklessly!
You are too injured to fight recklessly!
Unknown command.
You are too injured to fight recklessly!
Unknown command.
You are too injured to fight recklessly!
Casting: Stone Arrow (mildly dangerous; 6% risk of failure)
Confirm with . or Enter, or press ? or * to list all spells.
Aiming: Stone Arrow (mildly dangerous; 6% risk of failure)
Press: ? - help, Shift-Dir - straight line, f/p - fire crab
Aim: a fire crab (89% to hit)
You feel a strong surge of power!
The stone arrow hits the fire crab.
The fire crab is lightly wounded.
The fire crab breathes flames at you. The blast of flame engulfs you!
You are engulfed in blazing flames.
* * * LOW HITPOINT WARNING * * *
The fire crab bites you but does no damage.
You block the fire crab's attack.
Unknown command.
Casting: Stone Arrow (mildly dangerous; 6% risk of failure)
Confirm with . or Enter, or press ? or * to list all spells.
Aiming: Stone Arrow (mildly dangerous; 6% risk of failure)
Press: ? - help, Shift-Dir - straight line, f/p - fire crab
Aim: a fire crab (flame, lightly wounded, 89% to hit)
You feel a strong surge of power!
The stone arrow hits the fire crab.
The fire crab is lightly wounded.
You are engulfed in blazing flames.
You die...

...~~~.....#♣...♣#
≈≈~~♣.♣
~~~~~......#.....#
~~~....
~~~~.......#..[..#
~~.....
~...#..§...#.....#
~......
...........#[♣♣♣.#
...~.#.~.
...........#♣.♣.♣♣♣♣..t≈#
#≈~..♣♣
...........#.♣♣♣.†...~≈~#
#~≈~...
...........#♣.♣t♣♣♣♣..~≈#
#≈~..♣♣
..####.....#.♣♣♣@#
...~.#.~.
#..###.....#..°°°#
~......
..###......#.°°°°#
~S.....
..####.....#..°..#
~~~....
..#≈##.....#♣...♣#
≈≈~~♣.♣ ..#≈##†....#♣♣.♣♣
≈≈~~♣.♣
...~÷÷.....##♣.♣##
#..~.#)....#.♣.♣.#
#..~.......#♣.♣.♣#


You could see a fire crab.

Vanquished Creatures
  A hydra (Lair:3)
  A catoblepas (Lair:3)
  A centaur warrior (D:13)
  A two-headed ogre (D:11)
  A tengu warrior (D:13)
  Nergalle (D:12)
  A deep elf pyromancer (D:10)
  2 cyclopes (D:12)
  A manticore (Lair:3)
  5 elephants (Lair:2)
  3 black mambas
  5 cane toads
  3 gargoyles (D:11)
  A kobold demonologist (D:12)
  An unseen horror (D:12)
  Psyche (D:9)
  3 rime drakes (Lair:3)
  2 komodo dragons
  4 trolls
  A polar bear (Lair:3)
  8 dream sheep (Lair:3)
  15 blink frogs (Lair:3)
  11 slime creatures
  A wraith (D:11)
  3 shadows
  3 wyverns (Lair:3)
  20 yaks
  A basilisk (Lair:1)
  2 steam dragons
  3 wargs
  An acid dragon (D:8)
  2 nagas (Lair:3)
  14 water moccasins
  2 ice beasts
  3 sky beasts (D:8)
  2 black bears
  2 orc warriors
  7 centaurs
  3 wolves (Lair:2)
  2 ogres
  A phantom (D:4)
  Blork the orc (D:6)
  A kobold brigand (D:9)
  9 bullfrogs
  A gnoll sergeant (D:9)
  2 scorpions
  5 wights (D:10)
  10 killer bees
  3 howler monkeys
  2 electric eels (Lair:3)
  A gnoll bouda (D:6)
  3 hounds
  7 orc priests
  Crazy Yiuf (D:4)
  2 sleepcaps
  4 iguanas
  6 orc wizards
  3 adders
  16 gnolls
  2 white imps
  2 ufetubi
  2 worms
  3 dart slugs
  37 orcs
  7 ball pythons
  7 endoplasms
  3 giant cockroaches (D:1)
  4 goblins
  5 hobgoblins
  18 kobolds
  4 quokkas
  4 bats
  5 frilled lizards
  3 rats
328 creatures vanquished.

Vanquished Creatures (others)
  2 orc wizards
  2 fungi
  72 plants
76 creatures vanquished.

Grand Total: 404 creatures vanquished

Notes
Turn   | Place    | Note
-------+----------+-------------------------------------------
     0 | D:1      | MajorAdolf the Naga Wanderer began the quest for the Orb.
     0 | D:1      | MajorAdolf set off with the following items: a +0 club, a
                  | scroll of fear, a +0 ring mail; and the following spells
                  | available to memorise: Sandblast, Shock, Passwall, Vhi's
                  | Electric Charge, Petrify.
     0 | D:1      | Reached XP level 1. HP: 18/18 MP: 2/2
   139 | D:1      | Reached XP level 2. HP: 26/26 MP: 3/3
   163 | D:1      | Found Plog's Antique Weapon Emporium.
   175 | D:1      | Found Ethras's Book Emporium.
   274 | D:1      | Reached skill level 2 in Stealth
   514 | D:1      | Found Agofah's Jewellery Boutique.
   519 | D:1      | Reached skill level 3 in Stealth
   668 | D:2      | Reached XP level 3. HP: 32/32 MP: 4/4
   719 | D:2      | Reached skill level 4 in Stealth
   978 | D:2      | Found a blossoming altar of Fedhas.
  1904 | D:3      | Found a faded altar of an unknown god.
  2037 | D:3      | Reached skill level 5 in Stealth
  2037 | D:3      | Reached XP level 4. HP: 12/39 MP: 5/5
  2279 | D:3      | Reached skill level 6 in Stealth
  2288 | D:3      | Identified the +2 robe of Daffodils {rCorr Int+2}
  2838 | D:3      | Reached XP level 5. HP: 45/45 MP: 6/6
  3181 | D:4      | Reached skill level 7 in Stealth
  3465 | D:4      | Reached skill level 8 in Stealth
  3564 | D:4      | Reached XP level 6. HP: 35/52 MP: 7/7
  3671 | D:4      | Found a runed translucent door.
  3672 | D:4      | Noticed Crazy Yiuf
  3703 | D:4      | Found a shimmering blue altar of Sif Muna.
  3720 | D:4      | Became a worshipper of Sif Muna the Loreminder
  3743 | D:4      | Got Sif Muna's Precepts of the Shapeshifter
  3838 | D:4      | Reached skill level 9 in Stealth
  4181 | D:5      | Entered Level 5 of the Dungeon
  4302 | D:4      | Reached skill level 10 in Stealth
  4339 | D:5      | Reached skill level 11 in Stealth
  4339 | D:5      | Reached XP level 7. HP: 40/60 MP: 8/8
  4832 | D:4      | Reached skill level 1 in Invocations
  4866 | D:5      | Reached skill level 12 in Stealth
  5135 | D:5      | Found a staircase to the Ecumenical Temple.
  5146 | Temple   | Entered the Ecumenical Temple
  5504 | D:1      | Bought a book of Geomancy for 198 gold pieces
  5508 | D:1      | Learned a level 3 spell: Stone Arrow
  5714 | D:4      | Killed Crazy Yiuf
  5989 | D:5      | Reached skill level 1 in Conjurations
  5989 | D:5      | Reached XP level 8. HP: 64/67 MP: 8/10
  6248 | D:6      | Noticed Blork the orc
  6260 | D:6      | Killed Blork the orc
  6781 | D:6      | Reached * piety under Sif Muna
  7337 | D:7      | Reached skill level 13 in Stealth
  7706 | D:7      | Reached XP level 9. HP: 73/73 MP: 2/12
  7940 | D:7      | Found an opulent altar of Gozag.
  8541 | D:8      | Reached skill level 5 in Earth Magic
  8541 | D:8      | Reached skill level 5 in Invocations
 10522 | D:8      | Reached skill level 14 in Stealth
 10847 | D:9      | Reached skill level 5 in Conjurations
 11501 | D:9      | Reached XP level 10. HP: 64/80 MP: 10/14
 12006 | D:9      | Noticed Psyche
 12014 | D:9      | Killed Psyche
 12140 | D:9      | Reached ** piety under Sif Muna
 12435 | D:9      | Reached skill level 15 in Stealth
 12633 | D:10     | Entered Level 10 of the Dungeon
 12854 | D:10     | Noticed a deep elf pyromancer
 12915 | D:10     | Killed a deep elf pyromancer
 12916 | D:10     | Reached skill level 1 in Shields
 13825 | D:10     | Identified the +1 quarterstaff of Eternal Harmony {speed,
                  | Fragile rC+ Dex+4}
 13828 | D:10     | Found a staircase to the Lair.
 14496 | D:10     | Reached XP level 11. HP: 80/86 MP: 2/16
 14717 | D:11     | Noticed a two-headed ogre
 14723 | D:11     | Killed a two-headed ogre
 15120 | D:11     | Reached skill level 16 in Stealth
 16423 | D:12     | Found a staircase to the Orcish Mines.
 17229 | D:12     | Noticed a cyclops
 17261 | D:12     | Noticed a cyclops
 17273 | D:12     | Killed a cyclops
 17321 | D:12     | Killed a cyclops
 17322 | D:12     | Reached skill level 17 in Stealth
 17392 | D:12     | Noticed Nergalle
 17399 | D:12     | Killed Nergalle
 17400 | D:12     | Reached skill level 5 in Shields
 17925 | D:12     | Reached XP level 12. HP: 67/93 MP: 3/19
 18373 | D:13     | Noticed a centaur warrior
 18375 | D:13     | Reached skill level 10 in Invocations
 18383 | D:13     | Killed a centaur warrior
 18555 | D:13     | Identified the +0 leather armour of Lifelessness {Harm rC++
                  | rN+ Slay-6}
 18640 | D:13     | Noticed a tengu warrior
 18643 | D:13     | Killed a tengu warrior
 18908 | Lair:1   | Entered Level 1 of the Lair of Beasts
 18961 | Lair:1   | Reached skill level 18 in Stealth
 19572 | Lair:1   | You are sucked into a shaft and drop 1 floor!
 21326 | Lair:1   | Reached *** piety under Sif Muna
 22369 | D:1      | Bought a book of Blasting for 440 gold pieces
 22375 | D:1      | Learned a level 5 spell: Lee's Rapid Deconstruction
 22661 | Lair:3   | Reached skill level 19 in Stealth
 22692 | Lair:3   | Found an iron altar of Okawaru.
 22718 | Lair:3   | Noticed a catoblepas
 22727 | Lair:3   | Killed a catoblepas
 23116 | Lair:3   | Noticed a four-headed hydra
 23121 | Lair:3   | Killed a four-headed hydra
 23122 | Lair:3   | Gained mutation: You can use your snake-like lower body to
                  | constrict enemies. [Naga growth]
 23122 | Lair:3   | Reached XP level 13. HP: 99/99 MP: 8/21
 23281 | Lair:2   | Identified a scroll of acquirement
 23281 | Lair:2   | Acquired 877 gold pieces
 23539 | D:1      | Bought Sif Muna's Secrets of Fluctuating Combat Magic for
                  | 286 gold pieces
 23756 | D:5      | Found a staircase to the Ecumenical Temple.
 24524 | Lair:3   | Found a staircase to the Swamp.
 24668 | Lair:3   | Found a staircase to the Snake Pit.
 26111 | Lair:3   | Reached skill level 20 in Stealth
 26124 | Lair:3   | Engulfed by a fire crab's flame

Illustrated notes

Levels and vault maps discovered:
D:1:      dpeg_arrival_castle, layout_rooms, serial_shops, shop, shop,
          nicolae_shop_stone, minmay_pentomino_x4
D:2:      layout_basic, basic_altar
D:3:      layout_loops_cross, hellmonk_ecumenical_altar_heavens_door
D:4:      layout_cave_pools, led_sif_book, hangedman_decor_riveting,
          uniq_crazy_yiuf_cottage
D:5:      layout_rooms, minmay_temple_entry_butterflies
D:6:      layout_loops_cross, uniq_blork_the_orc
D:7:      layout_basic, mainiacjoe_overflow_24_doors
D:8:      layout_rooms, nicolae_zen_rock_garden, kennysheep_boxes
D:9:      layout_rooms, uniq_psyche
D:10:     hellmonk_destroyed_diamonds, layout_irregular_city,
          erik_lair_orcish_takeover
D:11:     layout_layer_cave
D:12:     nicolae_cairo_tiling_large_dashed, layout_loops_ring,
          lemuel_flame_loot_1, uniq_nergalle
D:13:     layout_basic
Temple:   nicolae_temple_slightly_damp_pantheon
Lair:1:   layout_loops_ring, grunt_megastairs_4
Lair:2:   layout_cave_pods
Lair:3:   nzn_winding_woodlands_large [nzn_winding_woodlands_5x5_checkerboard,
          nzn_winding_woodlands_5x15_parted,
          nzn_winding_woodlands_5x5_perimeter,
          nzn_winding_woodlands_center_pierced_h,
          nzn_winding_woodlands_15x15_eel_pit,
          nzn_winding_woodlands_center_diamonds,
          nzn_winding_woodlands_5x5_closed_star,
          nzn_winding_woodlands_5x15_zeroes, nzn_winding_woodlands_hourglass],
          layout_regular_city, swamp_mist_pool, guppyfry_snake_entry_island,
          basic_altar, serial_rivers, chequers_serial_rivers_large_b,
          chequers_serial_rivers_room_a, chequers_serial_rivers_small_a,
          chequers_serial_rivers_micro_b, chequers_serial_rivers_micro_a

Skill      XL: |  1  2  3  4  5  6  7  8  9 10 11 12 13 |
---------------+----------------------------------------+-----
Fighting       | 2 |  2.0
Stealth        | 3 5 6 8 11 12 13 14 15 17 19 20 | 20.0
Invocations    | 2 4 6 7 9 11 12 | 12.3
Conjurations   | 1 3 5 6 7 |  7.0
Earth Magic    | 4 6 7 8 9 |  9.2
Shields        | 2 5 7 8 |  8.4
Armour         | |  1.5
Spellcasting   | |  1.0
Air Magic      | |  2.0

Action                     |  1- 3 |  4- 6 |  7- 9 | 10-12 | 13-15 || total
---------------------------+-------+-------+-------+-------+-------++-------
  Melee: Club              |    14 |       |       |       |       ||    14
         Dagger            |    61 |    37 |       |       |       ||    98
         Long sword        |       |    54 |   117 |       |       ||   171
         Punch             |       |     1 |     3 |     1 |       ||     5
         Staff             |       |       |    11 |    25 |     1 ||    37
   Cast: Stone Arrow       |       |       |   106 |   289 |   109 ||   504
 Invoke: Channel Magic     |       |       |     2 |     7 |     6 ||    15
Ability: Spit Poison       |    50 |    59 |    42 |    28 |     9 ||   188
    Use: Scroll            |       |       |       |       |    14 ||    14
   Stab: Sleeping          |       |     3 |       |       |       ||     3
 Armour: Skin              |    52 |     1 |       |       |       ||    53
         Robe              |       |    52 |   115 |   132 |    37 ||   336
  Dodge: Dodged            |    41 |    80 |   170 |   133 |    43 ||   467
  Block: Kite shield       |       |       |       |    61 |    60 ||   121
